 Dungeon Crawl Stone Soup version 0.30-a0-571-gdf30a72648 (webtiles) character file.

Game seed: 7156350528383960562

5367 ryw the Fighter (level 10, -10/88 HPs)
             Began as a Grey Draconian Artificer on Dec 29, 2022.
             Was a Follower of Dithmenos.
             Mangled by a molten gargoyle (12 damage)
             ... on level 11 of the Dungeon.
             The game lasted 00:39:48 (10020 turns).

ryw the Fighter (Grey Draconian Artificer)         Turns: 10020, Time: 00:39:49

Health: -10/88     AC: 16    Str: 15    XL:     10   Next: 39%
Magic:  16/19      EV: 14    Int: 16    God:    Dithmenos [*.....]
Gold:   508        SH:  0    Dex: 11    Spells: 8/21 levels left

rFire   . . .      SeeInvis .    x - +7 dagger "Silocheg" {freeze, +Blink Will+ Stlth+}
rCold   + . .      Faith    .    (no shield)
rNeg    . . .      Spirit   .    (body armour unavailable)
rPois   .          Reflect  .    (helmet restricted)
rElec   .          Harm     .    G - +2 cloak {rCorr}
rCorr   +          Rampage  .    (no gloves)
Will    +....                    q - +0 pair of boots
Stlth   +++                      i - amulet of regeneration
HPRegen 1.14/turn                o - ring of wizardry
MPRegen 0.16/turn                u - ring of protection from cold

@: swift, wreathed by umbra, very quick
A: AC +12, amphibious, unfitting armour, cold-blooded
a: Renounce Religion, Evoke Blink


You were on level 11 of the Dungeon.
You worshipped Dithmenos.
Dithmenos was aware of your devotion.
You visited 2 branches of the dungeon, and saw 12 of its levels.

You collected 508 gold pieces.

Inventory:

Hand Weapons
 x - the +7 dagger "Silocheg" (weapon) {freeze, +Blink Will+ Stlth+}
   (You found it on level 9 of the Dungeon)

   It freezes those it strikes, dealing additional cold damage.
   It can also slow down cold-blooded creatures.
   +Blink:    It lets you blink.
   Will:      It increases your willpower.
   Stlth:     It makes you more stealthy.
Missiles
 t - 8 curare-tipped darts
 w - 6 javelins
 y - 4 silver javelins
 B - 2 throwing nets
Armour
 q - a +0 pair of boots (worn)
 G - a +2 cloak of preservation (worn)
Jewellery
 d - a ring of flight
 i - an amulet of regeneration (around neck)
 n - an amulet of reflection
 o - a ring of wizardry (left hand)
 u - a ring of protection from cold (right hand)
 v - a ring of magical power
 F - an amulet of guardian spirit
Wands
 c - a wand of charming (7)
 s - a wand of paralysis (6)
 A - a wand of polymorph (2)
 C - a wand of roots (7)
Scrolls
 e - 8 scrolls of teleportation
 h - 3 scrolls of blinking
 p - 3 scrolls of fear
 r - 3 scrolls of magic mapping
 D - 2 scrolls of identify
 I - a scroll of amnesia
Potions
 b - a potion of flight
 f - a potion of invisibility
 g - 2 potions of lignification
 j - a potion of attraction
 l - 2 potions of brilliance
 z - a potion of magic
 E - a potion of haste
 H - a potion of heal wounds


   Skills:
 + Level 8.0 Fighting
 + Level 2.4 Short Blades
 + Level 7.1 Dodging
 - Level 0.8 Stealth
 + Level 6.3 Spellcasting
 - Level 3.0 Conjurations
 + Level 5.2 Hexes
 + Level 1.6 Air Magic
 - Level 3.0 Poison Magic
 * Level 4.6 Evocations


You had 8 spell levels left.
You knew the following spells:

 Your Spells              Type           Power      Damage    Failure   Level
a - Slow                  Hex            84%        N/A       1%          1
b - Mephitic Cloud        Conj/Pois/Air  13%        N/A       6%          3
c - Confusing Touch       Hex            21%        N/A       1%          3
d - Swiftness             Air            10%        N/A       9%          3
e - Tukima's Dance        Hex            21%        N/A       1%          3

Your spell library contained the following spells:

 Spells                   Type           Power      Damage    Failure   Level
 Kiss of Death            Conj/Necr      36%        2d8       2%          1
 Shock                    Conj/Air       48%        1d6       2%          1
 Poisonous Vapours        Pois/Air       24%        N/A       3%          2
 Cigotuvi's Dreadful Rot  Necr/Pois/Air  20%        N/A       4%          2
 Gell's Gravitas          Tloc           5%         N/A       16%         3
 Lesser Beckoning         Tloc           10%        N/A       16%         3
 Teleport Other           Tloc           5%         N/A       16%         3
 Vampiric Draining        Necr           5%         2d6       16%         3
 Airstrike                Air            5%         2d(1-17)  26%         4
 Summon Lightning Spire   Summ/Air       7%         N/A       34%         4
 Yara's Violent Unravell  Hex/Tmut       6%         3d5       43%         5
 Dispel Undead            Necr           5%         3d7       45%         4
 Passage of Golubria      Tloc           5%         N/A       45%         4
 Storm Form               Tmut/Air       3%         N/A       100%        7
 Maxwell's Capacitive Co  Air            5%         ∞         100%        8


Dungeon Overview and Level Annotations

Branches:
Dungeon (11/15)            Temple (1/1) D:5            Lair (0/5) D:11
    Orc (0/2) D:11

Altars:
Ashenzari
Dithmenos
Fedhas
Gozag
Hepliaklqana
Kikubaaqudgha
Makhleb
Nemelex Xobeh
Okawaru
Ru
Sif Muna
Trog
Wu Jian
Xom
Zin
The Shining One

Shops:
D:8 [

Annotations:
D:4 1 runed translucent door, Crazy Yiuf
D:6 2 runed translucent doors, bmack86's ghost, novice MiFi
D:7 Dowan; Duvessa


Innate Abilities, Weirdness & Mutations

Your dull iron-grey scales are very hard. (AC +12)
You are amphibious.
You cannot fit into any form of body armour.
You are cold-blooded and may be slowed by cold attacks.


Message History

The molten gargoyle blasts magma at you!
The bolt of magma hits you!
You puncture the molten gargoyle! You freeze the molten gargoyle.
The molten gargoyle is severely damaged.
The molten gargoyle blasts magma at you!
The bolt of magma misses you.
You barely miss the molten gargoyle.
The molten gargoyle is severely damaged.
The molten gargoyle hits you but does no damage.
You hit the molten gargoyle but do no damage.
You tail-slap the molten gargoyle.
The molten gargoyle is severely damaged.
The skeletal warrior hits you from afar with a +0 glaive of flaming!
The skeletal warrior burns you.
The molten gargoyle hits you but does no damage.
You completely miss the molten gargoyle.
You tail-slap the molten gargoyle, but do no damage.
The molten gargoyle is severely damaged.
The skeletal warrior hits you from afar with a +0 glaive of flaming!
The skeletal warrior burns you.
The molten gargoyle blasts magma at you!
The bolt of magma hits you!!
* * * LOW HITPOINT WARNING * * *
Okay, then.
Unknown command.
You are too injured to fight recklessly!
Casting: Tukima's Dance (safe; 1% risk of failure)
Confirm with . or Enter, or press ? or * to list all spells.
Okay, then.
Casting: Tukima's Dance (safe; 1% risk of failure)
Confirm with . or Enter, or press ? or * to list all spells.
You feel quick.
The skeletal warrior hits you from afar with a +0 glaive of flaming.
* * * LOW HITPOINT WARNING * * *
The skeletal warrior burns you.
* * * LOW HITPOINT WARNING * * *
The molten gargoyle hits you.
* * * LOW HITPOINT WARNING * * *
You are engulfed in flames!
You die...

..... ......... ........#
### .............######.#
.............#..)...###
..............#.###....#
.....z. ......#.#...#)###
....≈§≈########.#....#.<#
...)§≈≈....z9@..#......##
....≈≈≈...#######......#
........................#
....................#.....
....................#####.#
.................... .#
.................... #
§§...............
§§.>.............


You could see a skeletal warrior and a molten gargoyle.

Vanquished Creatures
  A cyclops (D:8)
  Maurice (D:10)
  Sigmund (D:2)
  4 wraiths
  4 yaks
  A basilisk (D:10)
  3 water moccasins
  An acid dragon (D:10)
  3 black bears
  3 ice beasts
  An ogre (D:5)
  2 orc warriors
  4 centaurs
  4 kobold brigands
  A bullfrog (D:9)
  3 necrophages
  2 scorpions (D:6)
  3 wights (D:9)
  2 killer bees (D:6)
  A howler monkey (D:10)
  4 hounds
  A jelly (D:6)
  3 orc priests
  4 iguanas
  3 orc wizards
  3 gnolls
  14 adders
  A shadow imp (D:5)
  A white imp (D:8)
  2 dart slugs
  20 orcs
  3 bats (D:2)
  9 endoplasms
  2 giant cockroaches
  7 goblins
  5 hobgoblins
  2 jackals (D:2)
  3 quokkas
  4 ball pythons
  2 frilled lizards
  22 kobolds
  4 rats
164 creatures vanquished.

Vanquished Creatures (collateral kills)
  A wight (D:9)
  A gnoll (D:4)
  5 orcs
7 creatures vanquished.

Vanquished Creatures (others)
  2 dancing weapons
  A worm (D:2)
  2 fungi
  A plant (D:11)
6 creatures vanquished.

Grand Total: 177 creatures vanquished

Notes
Turn   | Place    | Note
-------+----------+-------------------------------------------
     0 | D:1      | ryw the Draconian Artificer began the quest for the Orb.
     0 | D:1      | Reached XP level 1. HP: 16/16 MP: 1/1
   102 | D:1      | Reached XP level 2. HP: 24/24 MP: 2/2
   178 | D:1      | Reached skill level 2 in Fighting
   462 | D:2      | Noticed Sigmund
   464 | D:2      | Killed Sigmund
   465 | D:2      | Reached skill level 3 in Fighting
   465 | D:2      | Reached XP level 3. HP: 31/31 MP: 2/6
   465 | D:2      | Reached XP level 4. HP: 39/39 MP: 2/7
   465 | D:2      | Reached XP level 5. HP: 45/45 MP: 2/8
   562 | D:1      | Learned a level 1 spell: Slow
  2019 | D:4      | Noticed a black bear
  2024 | D:4      | Killed a black bear
  2025 | D:4      | Reached skill level 4 in Fighting
  2025 | D:4      | Reached skill level 1 in Hexes
  2025 | D:4      | Reached XP level 6. HP: 52/52 MP: 5/9
  2479 | D:4      | Found a hazy altar of Hepliaklqana.
  2715 | D:4      | Found a runed translucent door.
  2716 | D:4      | Noticed Crazy Yiuf
  2756 | D:5      | Entered Level 5 of the Dungeon
  2785 | D:5      | Your scales start taking on a dull iron-grey colour.
  2785 | D:5      | Reached XP level 7. HP: 39/60 MP: 7/11
  2914 | D:5      | Found the +4 robe of Augmentation {Str+4 Int+4 Dex+4}
  3072 | D:5      | Found a staircase to the Ecumenical Temple.
  3093 | Temple   | Entered the Ecumenical Temple
  3258 | Temple   | Became a worshipper of Dithmenos the Shadowed
  3337 | D:5      | Reached skill level 5 in Fighting
  3689 | D:6      | Found a large runed translucent door.
  3692 | D:6      | Found a large runed translucent door.
  3872 | D:6      | Reached skill level 5 in Dodging
  3872 | D:6      | Reached XP level 8. HP: 43/68 MP: 13/13
  4091 | D:6      | Reached skill level 6 in Fighting
  4468 | D:6      | Noticed bmack86's ghost (novice MiFi)
  4798 | D:6      | Reached * piety under Dithmenos
  4999 | D:7      | Noticed Duvessa
  5397 | D:6      | Learned a level 3 spell: Mephitic Cloud
  5410 | D:6      | Reached skill level 5 in Spellcasting
  5528 | D:7      | Reached skill level 1 in Conjurations
  5528 | D:7      | Reached skill level 1 in Poison Magic
  5528 | D:7      | Reached XP level 9. HP: 69/78 MP: 16/16
  5538 | D:7      | Learned a level 3 spell: Confusing Touch
  5672 | D:7      | Reached skill level 1 in Air Magic
  5687 | D:7      | Found a blossoming altar of Fedhas.
  5763 | D:7      | Noticed Dowan
  6358 | D:8      | Found Ishrith's Antique Armour Shoppe.
  6394 | D:8      | Noticed a cyclops
  6401 | D:8      | Killed a cyclops
  6402 | D:8      | Reached skill level 7 in Fighting
  6591 | D:8      | Reached skill level 5 in Hexes
  7128 | D:9      | Identified the +7 dagger "Silocheg" {freeze, +Blink Will+
                  | Stlth+}
  7450 | D:9      | Reached skill level 1 in Short Blades
  7580 | D:8      | Reached XP level 10. HP: 87/88 MP: 17/19
  7585 | D:8      | Learned a level 3 spell: Swiftness
  7589 | D:8      | Learned a level 3 spell: Tukima's Dance
  7802 | D:9      | Found a shimmering blue altar of Sif Muna.
  7802 | D:9      | Found a burning altar of Makhleb.
  7822 | D:10     | Entered Level 10 of the Dungeon
  7824 | D:10     | Noticed Maurice
  8590 | D:10     | Killed Maurice
  8849 | D:10     | Reached ** piety under Dithmenos
  8850 | D:10     | Reached skill level 8 in Fighting
  9333 | D:11     | Noticed an elephant
  9363 | D:11     | Noticed a cyclops
  9437 | D:11     | Found a staircase to the Lair.
  9447 | D:11     | Noticed a skeletal warrior
  9462 | D:11     | Noticed a skeletal warrior
  9593 | D:11     | Noticed a skeletal warrior
  9848 | D:11     | Noticed a skeletal warrior
  9849 | D:11     | Noticed a skeletal warrior
  9990 | D:11     | Found a staircase to the Orcish Mines.
  9995 | D:11     | Noticed a molten gargoyle
 10020 | D:11     | HP: 2/88 [molten gargoyle (4)]
 10020 | D:11     | Mangled by a molten gargoyle

Illustrated notes

Levels and vault maps discovered:
D:1:      ncdulo_wetmaze, layout_rooms
D:2:      layout_basic, uniq_sigmund
D:3:      layout_rooms, due_unseen_surprise
D:4:      layout_layer_cave, mainiacjoe_overflow_tiny_flanked,
          uniq_crazy_yiuf_cottage
D:5:      layout_loops_ring, minmay_temple_entry_antechambers
D:6:      layout_cave_pools, ebering_ghost_disaster_area
D:7:      layout_cave_pools, minmay_overflow_temple_hex, marbit_many_paths,
          enter_bailey_6, uniq_duvessa
D:8:      statuecave_lemuel, layout_gridville, serial_shops,
          nicolae_shop_temple_entry_statues_fountains
D:9:      layout_basic, gammafunk_temple_overflow_elements, evilmike_butchery
D:10:     layout_stronghold, uniq_maurice
D:11:     layout_big_octagon, david_lair_generic, orc_0_dummy,
          serial_co_window_serial, co_window_corner_a, co_window_paths_b,
          co_window_paths_a, co_window_of_opportunity_a, co_window_corner_a,
          co_window_corner_b, co_window_broadway_b, co_window_paths_c,
          co_window_corner_ca, co_window_cross_3, co_window_unsneaky_path_e,
          glass_columns_a, glass_columns_a, glass_columns_b
Temple:   nicolae_temple_hex_pool

Skill      XL: |  1  2  3  4  5  6  7  8  9 10 |
---------------+-------------------------------+-----
Fighting       | 3 4 5 6 7 8 |  8.0
Dodging        | 3 4 5 6 7 |  7.1
Spellcasting   | 2 3 5 6 |  6.3
Hexes          | 1 2 3 4 5 |  5.2
Conjurations   | 1 3 |  3.0
Poison Magic   | 1 3 |  3.0
Air Magic      | 1 |  1.6
Short Blades   | 1 2 |  2.4
Evocations     | 4 |  4.6
Stealth        | |  0.8

Action                   |  1- 3 |  4- 6 |  7- 9 | 10-12 || total
-------------------------+-------+-------+-------+-------++-------
Melee: Club              |    12 |    62 |       |       ||    74
       Long sword        |       |    28 |       |       ||    28
       Flail             |       |   103 |   500 |       ||   603
       Tailslap          |       |    26 |    78 |    38 ||   142
       Punch             |       |     5 |     8 |     1 ||    14
       Dagger            |       |       |    46 |   173 ||   219
 Cast: Slow              |       |    16 |     3 |       ||    19
       Mephitic Cloud    |       |       |     8 |     5 ||    13
       Confusing Touch   |       |       |     4 |    13 ||    17
       Swiftness         |       |       |       |     8 ||     8
       Tukima's Dance    |       |       |       |     4 ||     4
Evoke: Wand              |    19 |     4 |    11 |     5 ||    39
  Use: Scroll            |     2 |     6 |    12 |     1 ||    21
       Potion            |       |       |     4 |       ||     4
 Stab: Sleeping          |       |     3 |     2 |       ||     5
       Invisible         |       |       |     2 |       ||     2
       Confused          |       |       |     5 |     6 ||    11
Armor: Skin              |     6 |    77 |   308 |    73 ||   464
Dodge: Dodged            |     6 |   169 |   610 |   129 ||   914

Table legend: (Time is in decaauts)
 A = Elapsed time spent in this place.
 B = Non-inter-level travel time spent in this place.
 C = Inter-level travel time spent in this place.
 D = Time resting spent in this place.
 E = Time spent auto-exploring this place.
 F = Levels seen in this place.
 G = Mean time per level.
                   A        B        C        D        E       F      G
               +--------+--------+--------+--------+--------+-----+--------+
         Total |  10399 |   9818 |    581 |   1679 |   5025 |  12 |  866.6 |
       Dungeon |  10210 |   9651 |    559 |   1679 |   4969 |  11 |  928.2 |
        Temple |    188 |    166 |     22 |      0 |     56 |   1 |  188.0 |
               +--------+--------+--------+--------+--------+-----+--------+

Top non-repeatable levels by time:
    D:10: 1919 daAuts
     D:6: 1522 daAuts
     D:9: 1068 daAuts
     D:8: 1043 daAuts
     D:2: 955 daAuts
     D:4: 938 daAuts
     D:5: 923 daAuts
     D:7: 736 daAuts
     D:3: 545 daAuts
     D:1: 391 daAuts
  Temple: 188 daAuts
    D:11: 167 daAuts
